 Dungeon Crawl Stone Soup version 0.18-a0-514-ga7d9996 (webtiles) character file.

93 Proton the Shield-Bearer (level 4, 0/37 HPs)
             Began as a Formicid Fighter on Dec 3, 2015.
             Slain by Natasha (5 damage)
             ... on level 1 of the Dungeon.
             The game lasted 00:02:41 (2375 turns).

Proton the Shield-Bearer (Formicid Fighter)         Turns: 2375, Time: 00:02:41

Health: 0/37       AC:  7    Str: 21    XL:     4   Next: 92%
Magic:  4/4        EV:  8    Int:  8    God:
Gold:   89         SH:  9    Dex: 10    Spells: 0 memorised, 3 levels left

rFire  . . .     SeeInvis +     a - +0 war axe
rCold  . . .     Clarity  .     b - +0 scale mail
rNeg   . . .     SustAt   .     c - +0 shield
rPois  .         Gourm    .     (helmet unavailable)
rElec  .         Spirit   .     (no cloak)
rCorr  .         Dismiss  .     (no gloves)
rMut   .         Stasis   +     (no boots)
MR     .....                    (no amulet)
Stlth  ..........               (no ring)
                                (no ring)

@: not resistant to hostile enchantments, extremely unstealthy
A: permanent stasis, dig shafts and tunnels, four strong arms, antennae 3
a: Dig, Shaft Self


You were on level 1 of the Dungeon.
You were hungry.

You visited 1 branch of the dungeon, and saw 2 of its levels.

You collected 89 gold pieces.

Inventory:

Hand Weapons
 a - a +0 war axe (weapon)
Armour
 b - a +0 scale mail (worn)
 c - a +0 shield (worn)
Scrolls
 e - a scroll of noise {unknown}
 g - 3 scrolls of remove curse {unknown}
 h - 3 scrolls of identify {unknown}
Potions
 d - 2 potions of might
 f - a potion of degeneration {unknown}
 i - a potion of agility {unknown}
Comestibles
 j - a meat ration
 k - a royal jelly


   Skills:
 + Level 3.8 Fighting
 + Level 2.6 Axes
 + Level 3.8 Armour
 + Level 1.7 Dodging
 + Level 4.1 Shields


You had 3 spell levels left.
You didn't know any spells.

Dungeon Overview and Level Annotations

Branches:
Dungeon (2/15)

Altars:

Annotations:
D:1 Natasha


Innate Abilities, Weirdness & Mutations

You are under a permanent stasis effect.
You can dig through walls and to a lower floor.
Your four strong arms can wield two-handed weapons with a shield.
You have a pair of large antennae on your head (SInv).


Message History

The crimson imp barely misses you.
Your scale mail prevents you from hitting Natasha.
Natasha is almost dead.
You miss the crimson imp.
The crimson imp is lightly wounded.
You slash the jackal!
You kill the jackal!
Natasha casts a spell at you. The magic dart hits you!
* * * LOW HITPOINT WARNING * * *
The crimson imp hits you but does no damage.
The jackal closely misses you.
The jackal bites you but does no damage.
You block Natasha's attack. You block the crimson imp's attack.
You climb upwards.
There is a stone staircase leading down here.
You hit Natasha but do no damage.
Natasha is almost dead.
You closely miss the jackal. The jackal barely misses you. Natasha claws you.
You die...

############..##.# #....### .#
#..........##.# #.....# .#
#..........##.# ##.##.# .#
#...........#.# #.##.#
.###........)).#.# #.##.#
..##.............# #.##.#
..##......)...#..# ###.##.#
..##..........#..########......#
..##..........##@†......#...####
.###############hh...##.#...# .#
#............##.#...# .###
#............##.##### ...#
#............##.# .#.#
#..).........##.####### .#.#
#..)[.................# (#.#
#..(.........##.......# .#.#
###(###########.......#


You could see Natasha and a jackal.

Vanquished Creatures
  Robin (D:2)
  2 adders
  5 worms
  4 bats
  A giant cockroach (D:2)
  5 hobgoblins
  A jackal (D:2)
  7 kobolds
  2 quokkas
  2 giant newts (D:2)
  17 goblins
  6 rats
53 creatures vanquished.

Notes
Turn   | Place    | Note
--------------------------------------------------------------
     0 | D:1      | Proton the Formicid Fighter began the quest for the Orb.
     0 | D:1      | Reached XP level 1. HP: 18/18 MP: 1/1
   284 | D:1      | Reached XP level 2. HP: 24/24 MP: 2/2
   407 | D:1      | Reached skill level 1 in Dodging
   812 | D:1      | Reached XP level 3. HP: 29/29 MP: 3/3
   945 | D:2      | Noticed Robin
  1256 | D:2      | Killed Robin
  1256 | D:2      | Reached XP level 4. HP: 9/36 MP: 4/4
  1526 | D:2      | Reached skill level 4 in Shields
  2098 | D:2      | Noticed Natasha
  2375 | D:1      | Slain by Natasha

Vault maps used:
D:1:      dpeg_arrival_fog
D:2:      nemelex_deck, uniq_natasha, uniq_robin

Action                   |  1- 3 |  4- 6 || total
-------------------------+-------+-------++-------
Melee: War axe           |    97 |    87 ||   184
  Eat: Bread ration      |     1 |       ||     1
